 Dungeon Crawl Stone Soup version 0.32-a0-391-gce5c0aab1b (webtiles) character file.

Game seed: 4752505248356988253

91 Bravepunisher the Changeling (level 4, 0/23 HPs)
             Began as a Spriggan Shapeshifter on Feb 19, 2024.
             Slain by an iguana (10 damage)
             ... on level 5 of the Dungeon.
             The game lasted 00:03:19 (801 turns).

Bravepunisher the Changeling (Spriggan Shapeshifter) Turns: 801, Time: 00:03:20

Health: 0/23       AC:  2    Str: 18    XL:     4   Next: 34%
Magic:  5/5        EV: 17    Int: 11    God:
Gold:   53         SH:  6    Dex: 14    Spells: 3/3 levels left

rFire   . .          .
                       - Unarmed
rCold   . . .        g - +2 buckler
rNeg    . . .        a - +0 animal skin
rPois   .            (helmet currently unavailable)
rElec   .            (cloak currently unavailable)
rCorr   .            (gloves unavailable)
SInv    +            (boots unavailable)
Will    .....        (no amulet)
Stlth   +            k - +6 ring of strength
HPRegen 0.23/turn    (no ring)
MPRegen 0.09/turn

%: no passive effects
@: beast-form, very quick
A: beast (slay +2), very small, no large weapons, unfitting armour, see
invisible, speed 3
a: Begin Untransformation


You were on level 5 of the Dungeon.
You were a hulking beast.
You visited 1 branch of the dungeon, and saw 5 of its levels.

You collected 53 gold pieces.

Inventory:

Armour
 a - a +0 animal skin (worn)
 g - a +2 buckler (worn)
Jewellery
 k - a +6 ring of strength (left hand)
 l - a ring of fire
Talismans
 c - a beast talisman (active)
 d - a flux talisman
Wands
 e - a wand of polymorph (7)
Scrolls
 f - a scroll of torment {unknown}
 h - 2 scrolls of identify {unknown}
 i - a scroll of noise {unknown}
 j - a scroll of poison {unknown}
Potions
 b - a potion of lignification


   Skills:
 + Level 1.6 Fighting
 + Level 3.7 Dodging
 + Level 0.9 Shields
 + Level 2.9 Unarmed Combat
 + Level 4.6 Shapeshifting


You had 3 spell levels left.
You didn't know any spells.
Your spell library was empty.

Dungeon Overview and Level Annotations

Branches:
Dungeon (5/15)
 Temple: D:4-7

Altars:


Innate Abilities, Weirdness & Mutations

You are a hulking beast.
Your limbs bulge with bestial killing power. (Slay +2)
You are very small and have problems with some larger weapons.
You are too small for most types of armour.
You have supernaturally acute eyesight. (SInv)
You cover ground extremely quickly. (Speed+++)


Message History

An adder comes into view.
The helpless adder fails to defend itself.
You hit the adder.
The adder is moderately wounded.
The adder misses you. The adder barely misses you.
You miss the adder.
The adder is moderately wounded.
You block the adder's attack.
You miss the adder.
The adder is moderately wounded.
The adder misses you.
You hit the adder.
The adder is heavily wounded.
The adder completely misses you.
You barely miss the adder.
The adder is heavily wounded.
The adder completely misses you. The adder misses you.
You hit the adder.
The adder is almost dead.
The adder barely misses you.
You miss the adder.
The adder is almost dead.
The adder closely misses you.
You hit the adder.
You kill the adder!
You drop a ring of ice.
An iguana comes into view.
The iguana hisses angrily.
The iguana bites you!
Ouch! That really hurt!
You hit the iguana.
The iguana is moderately wounded.
You block the iguana's attack.
You hit the iguana.
The iguana is heavily wounded.
You block the iguana's attack.
You punch the iguana!
The iguana is almost dead.
The iguana bites you!
You die...

......# .....#
#....# #....#
....# #
#######...#.#
......l..$#.#
##########
#h....#
.........#
###.###
########.# #.#.#
.......#=# #...#
######.#.# #.#.#
#.#.# ###.# #.#.#
#.#
#.#.###########.#
#.#.............#


You could see an iguana.

Vanquished Creatures
  A hound (D:4)
  A jelly (D:5)
  2 adders
  An endoplasm (D:4)
  2 goblins
  A ball python (D:4)
  2 bats
10 creatures vanquished.

Notes
Turn   | Place    | Note
-------+----------+-------------------------------------------
     0 | D:1      | Bravepunisher the Spriggan Shapeshifter began the quest for
                  | the Orb.
     0 | D:1      | Reached XP level 1. HP: 9/9 MP: 2/2
   116 | D:2      | Found a faded altar of an unknown god.
   281 | D:4      | Reached skill level 1 in Fighting
   345 | D:4      | Reached XP level 2. HP: 14/14 MP: 3/3
   382 | D:4      | Reached XP level 3. HP: 15/18 MP: 4/4
   665 | D:5      | Entered Level 5 of the Dungeon
   722 | D:5      | Reached XP level 4. HP: 19/22 MP: 5/5
   801 | D:5      | Slain by an iguana

Illustrated notes

Levels and vault maps discovered:
D:1:      dpeg_arrival_short_road, layout_loops_corners, serial_shops,
          nicolae_shop_peninsula
D:2:      cheibrodos_helix_gallery, layout_rooms, basic_ecumenical_altar,
          minmay_pentomino_r2, uniq_robin
D:3:      layout_basic, general_overflow_altar, uniq_grinder
D:4:      layout_loops_ring, dk_noncrumbling_4
D:5:      layout_basic, mainiacjoe_overflow_paths, kennysheep_slug_shrine,
          minmay_temple_entry_glassed_door, uniq_pikel

Skill      XL: |  1 |
---------------+----+-----
Fighting       | 1 |  1.6
Dodging        | 3 |  3.7
Shields        | |  0.9
Unarmed Combat | |  2.9
Shapeshifting  | |  4.6

Action                     |  1- 3 |  4- 6 || total
---------------------------+-------+-------++-------
  Melee: Unarmed           |    31 |    11 ||    42
         Punch             |     1 |       ||     1
   Stab: Sleeping          |       |     1 ||     1
 Armour: Animal skin       |    12 |     2 ||    14
  Dodge: Dodged            |    42 |     8 ||    50
  Block: Buckler           |     6 |     3 ||     9

Table legend: (Time is in decaauts)
 A = Elapsed time spent in this place.
 B = Non-inter-level travel time spent in this place.
 C = Inter-level travel time spent in this place.
 D = Time resting spent in this place.
 E = Time spent auto-exploring this place.
 F = Levels seen in this place.
 G = Mean time per level.
                   A        B        C        D        E       F      G
               +--------+--------+--------+--------+--------+-----+--------+
         Total |    521 |    521 |      0 |      0 |    270 |   5 |  104.2 |
       Dungeon |    521 |    521 |      0 |      0 |    270 |   5 |  104.2 |
               +--------+--------+--------+--------+--------+-----+--------+

Top non-repeatable levels by time:
     D:4: 297 daAuts
     D:5: 91 daAuts
     D:2: 60 daAuts
     D:1: 38 daAuts
     D:3: 33 daAuts
